 Dungeon Crawl Stone Soup version 0.30-a0-368-g86fb4627a9 (webtiles) character file.

Game seed: 7194450409514220220

1685 avis the Shooter (level 8, -1/58 (66) HPs)
             Began as a Demigod Ice Elementalist on Nov 19, 2022.
             Slain by a wight
             ... wielding a +1 vorpal battleaxe
              (4 damage)
             ... on level 7 of the Dungeon.
             The game lasted 00:46:59 (7555 turns).

avis the Shooter (Demigod Ice Elementalist)         Turns: 7555, Time: 00:47:01

HP:   -1/58 (66)    AC: 11    Str:  9    XL:     8   Next: 43%
MP:   5/15          EV: 13    Int: 17    God:
Gold: 366           SH:  0    Dex: 22    Spells: 1/13 levels left

rFire   . . .      SeeInvis .    a - +2 short sword (holy)
rCold   . . .      Faith    .    (no shield)
rNeg    . . .      Spirit   .    g - +0 robe
rPois   .          Reflect  .    (no helmet)
rElec   .          Harm     .    y - scarf {+Inv}
rCorr   .          Rampage  .    w - +2 pair of gloves
Will    .....                    (no boots)
Stlth   ++........               (no amulet)
HPRegen 0.29/turn                (no ring)
MPRegen 0.14/turn                (no ring)

@: ice-armoured, hasted, heavily drained, invisible, very quick
A: high MP 1, forlorn, divine attributes, sense surroundings 1
a: Evoke Invisibility


You were on level 7 of the Dungeon.
You visited 2 branches of the dungeon, and saw 8 of its levels.

You collected 366 gold pieces.

Inventory:

Hand Weapons
 a - a +2 short sword of holy wrath (weapon)
 b - a +0 sling
Missiles
 e - 6 atropa-tipped darts
 h - a boomerang of dispersal
 s - 4 silver boomerangs
Armour
 g - a +0 robe (worn)
 w - a +2 pair of gloves (worn)
 y - a scarf of invisibility (worn)
Jewellery
 C - a ring of fire
Scrolls
 c - 4 scrolls of magic mapping {unknown}
 f - a scroll of torment {unknown}
 j - a scroll of silence {unknown}
 l - 3 scrolls of enchant armour {unknown}
 m - 3 scrolls of teleportation {unknown}
 n - a scroll of blinking {unknown}
 p - 2 scrolls of immolation {unknown}
 u - a scroll of enchant weapon {unknown}
 B - a scroll of poison {unknown}
 D - a scroll of fear {unknown}
Potions
 d - 3 potions of curing
 i - 3 potions of lignification
 k - a potion of flight
 o - a potion of mutation
 q - a potion of cancellation
 r - a potion of magic
 x - a potion of ambrosia


   Skills:
 - Level 4.0 Fighting
 - Level 6.0 Ranged Weapons
 - Level 2.0 Dodging
 - Level 2.0 Stealth
 - Level 3.0 Spellcasting
 * Level 5.1 Transmutations
 - Level 5.0 Ice Magic


You had one spell level left.
You knew the following spells:

 Your Spells              Type           Power      Damage    Failure   Level
a - Freeze                Ice            76%        1d8       2%          1
o - Ozocubu's Armour      Ice            19%        N/A       7%          3
r - Frozen Ramparts       Ice            38%        1d6       7%          3
B - Blade Hands           Tmut           9%         N/A       52%         5

Your spell library contained the following spells:

 Spells                   Type           Power      Damage    Failure   Level
 Apportation              Tloc           4%         N/A       17%         1
 Magic Dart               Conj           8%         1d3       17%         1
 Call Imp                 Summ           2%         N/A       26%         2
 Mephitic Cloud           Conj/Pois/Air  2%         N/A       45%         3
 Portal Projectile        Hex/Tloc       4%         N/A       45%         3
 Tukima's Dance           Hex            2%         N/A       45%         3
 Summon Ice Beast         Ice/Summ       11%        N/A       52%         4
 Passage of Golubria      Tloc           2%         N/A       86%         4
 Alistair's Intoxication  Tmut/Pois      7%         N/A       86%         5
 Silence                  Hex/Air        1%         N/A       99%         5
 Conjure Ball Lightning   Conj/Air       1%         3x3d7     100%        6
 Discord                  Hex            1%         N/A       100%        8
 Disjunction              Tloc           1%         N/A       100%        8
 Lehudib's Crystal Spear  Conj/Erth      1%         10d2      100%        8


Dungeon Overview and Level Annotations

Branches:
Dungeon (7/15)             Temple (1/1) D:6


Innate Abilities, Weirdness & Mutations

You have an increased reservoir of magic. (+10% MP)
You shall have no god before yourself.
Your divine heritage dramatically boosts your attributes as you level up.
You passively map a small area around you.


Message History

The wall freezes the wight but does no damage.
The wight hits you with a +1 vorpal battleaxe!
You feel drained.
The wall freezes the wight but does no damage. x3
You closely miss the wight.
The wight is severely damaged.
The wight resists.
The wall freezes the wight.
The wight misses you.
The wall freezes the wight but does no damage.
The wight resists.
The wall freezes the wight.
The wight completely resists.
The wall freezes the wight but does no damage.
Unknown command.
You aren't carrying any items that you can evoke.
You hit the wight but do no damage.
The wight is severely damaged.
The wight completely resists.
The wall freezes the wight but does no damage.
The wight hits you with a +1 vorpal battleaxe.
You feel drained.
The wight completely resists.
The wall freezes the wight but does no damage.
The wight completely resists.
The wall freezes the wight but does no damage. x2
You feel yourself speed up.
The wall freezes the wight but does no damage.
The wight hits you with a +1 vorpal battleaxe.
You feel drained.
The wall freezes the wight but does no damage. x2
The wight completely resists.
The wall freezes the wight but does no damage.
You fade into invisibility!
The frozen ramparts melt away.
The wight hits you with a +1 vorpal battleaxe!
You feel drained.
* * * LOW HITPOINT WARNING * * *
You hit the wight.
The wight convulses.
The wight is almost destroyed.
The wight hits you with a +1 vorpal battleaxe!
* * * LOW HITPOINT WARNING * * *
You feel drained.
* * * LOW HITPOINT WARNING * * *
You die...

* * ** * , * ,
* , , * * # , ,
* ######.#*
#.#####......#*
*
#.$.@zzz.....##
#######z.....>.
* #......#.
#......# * *
*#........ ,
#......#. , ,
#....y.#
#......# *
######.. *


You could see 4 wights.

Vanquished Creatures
  2 orc warriors (D:6)
  An ice beast (D:4)
  An ogre (D:6)
  A black bear (D:4)
  4 phantoms
  3 scorpions (D:6)
  A wight (D:7)
  3 killer bees (D:7)
  A vampire bat (D:5)
  An orc priest (D:6)
  2 hounds
  2 jellies (D:6)
  2 iguanas
  3 orc wizards
  5 gnolls
  6 adders
  An ufetubus (D:6)
  2 worms (D:3)
  3 dart slugs
  3 fire bats (D:5)
  6 orcs
  2 spectral bats (D:5)
  5 ball pythons
  13 bats
  3 bat skeletons (D:5)
  A bat zombie (D:5)
  2 endoplasms (D:1)
  A giant cockroach (D:4)
  2 goblins (D:2)
  3 hobgoblins
  4 jackals (D:2)
  5 kobolds
  3 quokkas
  A bat simulacrum (D:5)
  3 frilled lizards
  2 rats
103 creatures vanquished.

Vanquished Creatures (others)
  An orc wizard (D:4)
1 creature vanquished.

Grand Total: 104 creatures vanquished

Notes
Turn   | Place    | Note
-------+----------+-------------------------------------------
     0 | D:1      | avis the Demigod Ice Elementalist began the quest for the
                  | Orb.
     0 | D:1      | Reached XP level 1. HP: 14/14 MP: 5/5
    91 | D:1      | Reached XP level 2. HP: 4/20 MP: 0/7
   359 | D:1      | Reached skill level 1 in Fighting
  1124 | D:2      | Reached XP level 3. HP: 17/29 MP: 5/8
  1130 | D:2      | Learned a level 3 spell: Frozen Ramparts
  2338 | D:3      | Learned a level 3 spell: Ozocubu's Armour
  3125 | D:3      | Reached XP level 4. HP: 35/36 MP: 6/10
  3678 | D:4      | Reached skill level 5 in Ice Magic
  3678 | D:4      | Reached XP level 5. HP: 24/41 MP: 11/11
  3869 | D:4      | Noticed a black bear
  3880 | D:4      | Killed a black bear
  3881 | D:4      | Reached skill level 2 in Ranged Weapons
  4095 | D:4      | Noticed an ice beast
  4116 | D:4      | Gained mutation: You passively map a small area around you.
                  | [potion of mutation]
  4126 | D:4      | Killed an ice beast
  4127 | D:4      | Reached XP level 6. HP: 11/51 MP: 11/13
  4303 | D:5      | Entered Level 5 of the Dungeon
  4577 | D:5      | Reached skill level 3 in Ranged Weapons
  4924 | D:5      | Reached skill level 4 in Ranged Weapons
  5218 | D:5      | Reached XP level 7. HP: 43/48 MP: 8/14
  5830 | D:6      | Learned a level 5 spell: Blade Hands
  6003 | D:6      | Reached skill level 5 in Ranged Weapons
  6124 | D:6      | Found a staircase to the Ecumenical Temple.
  6145 | Temple   | Entered the Ecumenical Temple
  6314 | D:6      | Reached skill level 6 in Ranged Weapons
  6322 | D:6      | Reached skill level 1 in Transmutations
  6322 | D:6      | Reached XP level 8. HP: 7/66 MP: 4/15
  7544 | D:7      | Reached skill level 5 in Transmutations
  7555 | D:7      | Slain by a wight

Illustrated notes

Levels and vault maps discovered:
D:1:      psy_arrival_whirlpool, layout_basic
D:2:      layout_basic, basic_ecumenical_altar, basic_altar
D:3:      layout_loops_ring, lemuel_coloured_pillars_altar,
          nicolae_overflow_crystal_walls
D:4:      layout_basic, led_sif_book, overflow_temple_1_default,
          mainiacjoe_overflow_brackets
D:5:      layout_basic, lemuel_crystal_altar, cheibriados_altar_1,
          fedhas_ov_isle_minmay, goddamned_bats
D:6:      layout_loops_ring, nicolae_gozag_cash_rules_everything_around_me,
          nicolae_hepliaklqana_ecumenical_no_more, minmay_temple_entry_grid
D:7:      layout_rooms, okawaru_altar_gauntlet_db, serial_shops, shop,
          minmay_fractal_squares_diagonal_5
Temple:   corrupted_temple

Skill      XL: |  1  2  3  4  5  6  7  8 |
---------------+-------------------------+-----
Ice Magic      | 4 5 |  5.0
Spellcasting   | 2 3 |  3.0
Fighting       | 1 2 3 4 |  4.0
Dodging        | 2 |  2.0
Stealth        | 2 |  2.0
Ranged Weapons | 2 4 6 |  6.0
Transmutations | 1 5 |  5.1

Action                   |  1- 3 |  4- 6 |  7- 9 || total
-------------------------+-------+-------+-------++-------
Melee: Dagger            |     4 |       |       ||     4
       Short sword       |     5 |   115 |    85 ||   205
       Punch             |       |     1 |       ||     1
 Fire: Sling             |    11 |    45 |    45 ||   101
 Cast: Freeze            |    43 |     1 |     2 ||    46
       Frozen Ramparts   |     4 |    10 |    24 ||    38
       Ozocubu's Armour  |     1 |    10 |    17 ||    28
 Abil: Evoke Invisibilit |       |     1 |       ||     1
  Use: Potion            |       |     5 |     2 ||     7
       Scroll            |       |       |     5 ||     5
 Stab: Sleeping          |     5 |     4 |     3 ||    12
       Distracted        |       |       |     1 ||     1
Armor: Robe              |     9 |    77 |    44 ||   130
       Skin              |       |     8 |       ||     8
Dodge: Dodged            |    15 |   101 |    88 ||   204

Table legend: (Time is in decaauts)
 A = Elapsed time spent in this place.
 B = Non-inter-level travel time spent in this place.
 C = Inter-level travel time spent in this place.
 D = Time resting spent in this place.
 E = Time spent auto-exploring this place.
 F = Levels seen in this place.
 G = Mean time per level.
                   A        B        C        D        E       F      G
               +--------+--------+--------+--------+--------+-----+--------+
         Total |   7579 |   6838 |    741 |   2490 |   2980 |   8 |  947.4 |
       Dungeon |   7542 |   6801 |    741 |   2467 |   2980 |   7 | 1077.4 |
        Temple |     36 |     36 |      0 |     23 |      0 |   1 |   36.0 |
               +--------+--------+--------+--------+--------+-----+--------+

Top non-repeatable levels by time:
     D:6: 1627 daAuts
     D:5: 1461 daAuts
     D:3: 1365 daAuts
     D:4: 1078 daAuts
     D:2: 991 daAuts
     D:1: 973 daAuts
     D:7: 45 daAuts
  Temple: 36 daAuts
